 Dungeon Crawl Stone Soup version 0.30.0-10-gfe55d96785 (webtiles) character file.

Game seed: 210704994193996539

611 FishyPogo the Trooper (level 7, 0/90 HPs)
             Began as a Demonspawn Berserker on May 15, 2023.
             Was a Believer of Trog.
             Slain by an orc warrior
             ... wielding a +0 short sword
              (9 damage)
             ... on level 4 of the Dungeon.
             The game lasted 00:13:04 (3703 turns).

FishyPogo the Trooper (Demonspawn Berserker)        Turns: 3703, Time: 00:13:05

Health: 0/90       AC:  5    Str: 25    XL:     7   Next: 20%
Magic:  7/7        EV: 12    Int:  8    God:    Trog [**....]
Gold:   108        SH:  4    Dex: 11    Spells: 6/6 levels left

rFire   . . .        b - +1 whip (elec)
rCold   . . .        m - +0 buckler
rNeg    . . .        k - +0 leather armour
rPois   .            (no helmet)
rElec   .            (no cloak)
rCorr   .            (no gloves)
SInv    .            (no boots)
Will    ++...        (no amulet) Stlth
                     r - +6 ring of strength
HPRegen 1.35/turn    (no ring)
MPRegen 0.10/turn

%: no passive effects
@: berserking (expiring), strong-willed (expiring), regenerating (expiring),
very quick
A: claws 1, icy blue scales 1, demonic guardian 1, spiny 1, clumsy 1, robust 1
a: Renounce Religion, Berserk, Trog's Hand


You were on level 4 of the Dungeon.
You worshipped Trog.
Trog was pleased with you.
You visited 1 branch of the dungeon, and saw 4 of its levels.

You collected 196 gold pieces.
You spent 88 gold pieces at shops.

Inventory:

Hand Weapons
 b - a +1 whip of electrocution (weapon)
Missiles
 g - 57 stones (quivered)
 p - 6 poisoned darts
 s - 5 boomerangs
Armour
 a - a +0 animal skin
 i - a +0 ring mail
 k - a +0 leather armour (worn)
 m - a +0 buckler (worn)
 o - a +0 helmet
 v - a +2 helmet
Jewellery
 r - a +6 ring of strength (left claw)
Scrolls
 c - 2 scrolls of identify
 d - a scroll of fog {unknown}
 f - 2 scrolls of noise
 j - 3 scrolls of teleportation
 l - 2 scrolls of blinking
 n - 2 scrolls of enchant weapon
 q - a scroll of immolation {unknown}
 y - a scroll of vulnerability {unknown}
Potions
 e - a potion of cancellation {unknown}
 h - a potion of attraction {unknown}
 t - a potion of heal wounds
 u - a potion of magic {unknown}
 w - a potion of degeneration {unknown}
 x - 2 potions of curing
 z - 2 potions of berserk rage


   Skills:
 * Level 4.9 Fighting
 * Level 4.0 Armour
 - Level 3.0 Dodging
 * Level 2.9 Shields
 + Level 3.7 Unarmed Combat


You had 6 spell levels left.
You didn't know any spells.
Your spell library contained the following spells:

 Spells                   Type           Power      Damage    Failure   Level
 Ozocubu's Armour         Ice            0%         N/A       87%         3
 Portal Projectile        Hex/Tloc       0%         N/A       87%         3
 Tukima's Dance           Hex            0%         N/A       87%         3
 Blade Hands              Tmut           0%         N/A       100%        5
 Metabolic Englaciation   Hex/Ice        0%         N/A       100%        5
 Simulacrum               Ice/Necr       0%         N/A       100%        6


Dungeon Overview and Level Annotations

Branches:
Dungeon (4/15)             Temple (0/1) D:4

Altars:
Trog

Shops:
D:2 !

Annotations:
D:4 Menkaure


Innate Abilities, Weirdness & Mutations

You have sharp fingernails.
You are partially covered in icy blue scales. (AC +2)
A weak demonic guardian rushes to your aid.
You are partially covered in sharp spines.
You are clumsy. (Dex -2)
You are robust. (+10% HP)


Message History

You barely miss the orc warrior.
The orc warrior is moderately wounded.
The orc warrior is struck by your spines.
The orc warrior hits you with a +0 short sword!
* * * LOW HITPOINT WARNING * * *
You closely miss the orc warrior.
The orc warrior is moderately wounded.
The orc warrior is struck by your spines.
The orc warrior hits you with a +0 short sword!
* * * LOW HITPOINT WARNING * * *
A demonic guardian appears!
The orc warrior attacks as you move away!
The orc warrior barely misses you.
You swap places.
The orc warrior hits your shadow imp with a +0 short sword.
Your shadow imp hits the orc warrior but does no damage.
The orc warrior hits your shadow imp with a +0 short sword!
Your shadow imp hits the orc warrior but does no damage.
You don't know any spells.
The orc warrior hits your shadow imp with a +0 short sword!
Your shadow imp dies!
Your shadow imp disappears in a puff of smoke!
A red film seems to cover your vision as you go berserk!
You feel yourself moving faster!
You feel mighty!
You feel a strong urge to attack something.
You feel the effects of Trog's Hand fading.
You hit the orc warrior.
The orc warrior is heavily wounded.
You hit the orc warrior.
The orc warrior is severely wounded.
The orc warrior hits you with a +0 short sword!
* * * LOW HITPOINT WARNING * * *
You hit the orc warrior.
The orc warrior is severely wounded.
The orc warrior barely misses you.
You barely miss the orc warrior.
The orc warrior is severely wounded.
The orc warrior is struck by your spines.
The orc warrior hits you with a +0 short sword!
You die...

# ##.##........ ##.
#........#.. ##.#
##.#####..##.
#..#####.######.. #.
#................ #.
#..##########.#.##..
#.)##..# .. #..#
#..#o##)# ...#
#..@## #.. ... #..##
.8.# ##.# ..# #.#
#(# #.# .. #.# ..
#.# #..


You could see an orc warrior.

Vanquished Creatures
  Sigmund (D:4)
  Eustachio (D:4)
  An ogre (D:4)
  A scorpion (D:4)
  An orc priest (D:4)
  An iguana (D:4)
  An orc wizard (D:4)
  2 adders
  3 dart slugs
  4 orcs (D:4)
  5 bats (D:1)
  4 endoplasms
  5 goblins
  11 hobgoblins
  4 jackals (D:4)
  4 quokkas
  11 ball pythons
  A frilled lizard (D:3)
  9 kobolds
  6 rats
76 creatures vanquished.

Vanquished Creatures (collateral kills)
  A goblin (D:1)
  A quokka (D:1)
  A kobold (D:1)
3 creatures vanquished.

Grand Total: 79 creatures vanquished

Notes
Turn   | Place    | Note
-------+----------+-------------------------------------------
     0 | D:1      | FishyPogo the Demonspawn Berserker began the quest for the
                  | Orb.
     0 | D:1      | Reached XP level 1. HP: 18/18 MP: 1/1
   214 | D:1      | Gained mutation: A weak demonic guardian rushes to your
                  | aid. [demonic ancestry]
   214 | D:1      | Reached XP level 2. HP: 13/24 MP: 2/2
   574 | D:1      | Gained mutation: You are partially covered in sharp spines.
                  | [demonic ancestry]
   574 | D:1      | Reached XP level 3. HP: 29/29 MP: 3/3
   592 | D:1      | Reached ** piety under Trog
   682 | D:1      | Found a faded altar of an unknown god.
  1363 | D:2      | Found Ynatsac's Distillery.
  1381 | D:2      | Bought a potion of mutation for 88 gold pieces
  1381 | D:2      | Gained mutation: You are clumsy. (Dex -2) [potion of
                  | mutation]
  1381 | D:2      | Gained mutation: You are robust. (+10% HP) [potion of
                  | mutation]
  1866 | D:3      | Gained mutation: You have sharp fingernails. [demonic
                  | ancestry]
  1866 | D:3      | Reached XP level 4. HP: 29/40 MP: 4/4
  2412 | D:4      | Noticed Eustachio
  2429 | D:4      | Killed Eustachio
  2430 | D:4      | Reached skill level 1 in Shields
  2430 | D:4      | Reached XP level 5. HP: 19/46 MP: 5/5
  2597 | D:4      | Found a staircase to the Ecumenical Temple.
  2624 | D:4      | Noticed Sigmund
  2635 | D:4      | Killed Sigmund
  2636 | D:4      | Gained mutation: You are partially covered in icy blue
                  | scales. (AC +2) [demonic ancestry]
  2636 | D:4      | Reached XP level 6. HP: 53/53 MP: 6/6
  2706 | D:4      | Found a bloodstained altar of Trog.
  3121 | D:4      | Noticed Menkaure
  3326 | D:4      | Reached XP level 7. HP: 34/60 MP: 7/7
  3693 | D:4      | HP: 1/60 [orc warrior/+0 short sword (12)]
  3703 | D:4      | Slain by an orc warrior

Illustrated notes

Levels and vault maps discovered:
D:1:      dpeg_arrival_fog, layout_loops_ring,
          dreamdust_ecumenical_altar_hidden_monk_grotto, minmay_vboxes
D:2:      layout_loops_ring, serial_shops, nicolae_shop_peninsula
D:3:      layout_basic
D:4:      layout_layer_cave, mainiacjoe_overflow_cross_hatched,
          minmay_temple_entry_tees, guppyfry_early_orc_mine, uniq_eustachio,
          uniq_sigmund, uniq_menkaure

Skill      XL: |  1  2  3  4  5  6  7 |
---------------+----------------------+-----
Armour         | 2 3 4 |  4.0
Dodging        | 2 3 |  3.0
Unarmed Combat | 3 |  3.7
Fighting       | 4 |  4.9
Shields        | 1 2 |  2.9

Action                     |  1- 3 |  4- 6 |  7- 9 || total
---------------------------+-------+-------+-------++-------
  Melee: Whip              |   111 |    71 |    26 ||   208
         Unarmed           |    10 |       |       ||    10
         Punch             |     3 |       |       ||     3
  Throw: Stone             |     4 |     6 |     2 ||    12
         Dart              |       |     1 |       ||     1
 Invoke: Berserk           |       |     3 |     1 ||     4
         Trog's Hand       |       |       |     1 ||     1
    Use: Potion            |     1 |       |       ||     1
         Scroll            |       |     7 |       ||     7
   Stab: Sleeping          |     1 |       |       ||     1
 Armour: Animal skin       |    10 |       |       ||    10
         Leather armour    |     5 |    13 |     3 ||    21
  Dodge: Dodged            |    75 |    41 |     8 ||   124
  Block: Buckler           |     2 |     8 |     4 ||    14
